 Dungeon Crawl Stone Soup version 0.25-a0-589-g1e14c549ee (webtiles) character file.

Game seed: 14069528698586453557, levelgen mode: deterministic

235 Gynju the Thaumaturge (level 5, 0/28 HPs)
             Began as a Deep Elf Wizard on Mar 13, 2020.
             Slain by an orc wizard
             ... wielding a +0 dagger
              (4 damage)
             ... on level 3 of the Dungeon.
             The game lasted 00:03:56 (3490 turns).

Gynju the Thaumaturge (Deep Elf Wizard)             Turns: 3490, Time: 00:03:57

Health: 0/28       AC:  4    Str:  5    XL:     5   Next: 76%
Magic:  0/18       EV: 13    Int: 23    God:
Gold:   145        SH:  0    Dex: 13    Spells: 16/21 levels left

rFire    . . .     SeeInvis .   (no weapon)
rCold    . . .     Gourm    .   (no shield)
rNeg     . . .     Faith    .   a - +0 robe
rPois    .         Spirit   .   g - +1 helmet
rElec    .         Reflect  .   (no cloak)
rCorr    .         Harm     .   (no gloves)
MR       .....                  (no boots)
Stlth    ++........             (no amulet)
HPRegen  0.09/turn              (no ring)
MPRegen  0.16/turn              (no ring)

@: no status effects
A: no striking features
a: no special abilities


You were on level 3 of the Dungeon.
You were not hungry.

You visited 1 branch of the dungeon, and saw 3 of its levels.

You collected 145 gold pieces.

Inventory:

Armour
 a - a +0 robe (worn)
 b - a +0 hat
 g - a +1 helmet (worn)
Jewellery
 j - a cursed ring of attention {unknown}
Wands
 n - a wand of scattershot (5)
Scrolls
 c - a scroll of remove curse {unknown}
 f - 4 scrolls of teleportation {unknown}
 h - a scroll of blinking {unknown}
 i - 5 scrolls of identify {unknown}
 o - a scroll of fear {unknown}
Potions
 e - a potion of curing {unknown}
 k - a potion of brilliance {unknown}
 l - a potion of mutation {unknown}
Comestibles
 d - 4 rations


   Skills:
 - Level 2.4 Dodging
 - Level 2.4 Stealth
 + Level 8.9 Spellcasting
 - Level 1.1 Conjurations
 - Level 1.1 Summonings
 - Level 1.1 Translocations


You had 16 spell levels left.
You knew the following spells:

 Your Spells              Type           Power        Failure   Level  Hunger
a - Magic Dart            Conj           ###.         4%          1    None
b - Blink                 Tloc           N/A          6%          2    None
c - Call Imp              Summ           ###.....     6%          2    None

Your spell library contained the following spells:

 Spells                   Type           Power        Failure   Level  Hunger
 Apportation              Tloc           ###...       4%          1    None
 Summon Small Mammal      Summ           ###.         4%          1    None
 Animate Skeleton         Necr           N/A          6%          1    None
 Corona                   Hex            ##.....      6%          1    None
 Slow                     Hex            ##......     10%         2    None
 Conjure Flame            Conj/Fire      ##......     16%         3    None
 Mephitic Cloud           Conj/Pois/Air  ##......     16%         3    None


Dungeon Overview and Level Annotations

Branches:
Dungeon (3/15)

Altars:
Dithmenos
Fedhas
Gozag
Makhleb
Nemelex Xobeh

Annotations:
D:2 exclusion: 3 jellies


Message History

Confirm with . or Enter, or press ? or * to list all spells.
You don't have enough magic to cast that spell.
You hit the orc wizard but do no damage.
The orc wizard is almost dead.
The orc wizard hits you but does no damage.
Casting: Magic Dart (safe; 4% risk of failure)
Confirm with . or Enter, or press ? or * to list all spells.
You don't have enough magic to cast that spell.
Casting: Magic Dart (safe; 4% risk of failure)
Confirm with . or Enter, or press ? or * to list all spells.
You don't have enough magic to cast that spell.
Casting: Magic Dart (safe; 4% risk of failure)
Confirm with . or Enter, or press ? or * to list all spells.
You don't have enough magic to cast that spell.
You miss the orc wizard.
The orc wizard is almost dead.
The orc wizard hits you with a +0 dagger.
* * * LOW HITPOINT WARNING * * *
The orc wizard hits you with a +0 dagger.
You die...

.........#######.#########.
##...............##........ ..
#............##....######...w
##.(...............######....
###......#........#....#......
#...#.........#.#....#........
#.####..##.####.####.....###..
...# #.....# #[.# #.......#
...# #.....## ##@###5.####...#
...# ####..รท####.o...#####
#.. ...# #.>...###)....(..# .
...########.##.............
........##...##............
...###.##.....###...######.
...# #.#.......##.).# )..#
#.5..._........# ...#
###@......#....#


You could see an orc wizard.

Vanquished Creatures
  2 orc wizards (D:3)
  3 adders (D:2)
  3 oozes (D:2)
  A worm (D:3)
  A leopard gecko (D:3)
  7 orcs (D:3)
  A giant cockroach (D:3)
  5 hobgoblins
  4 jackals (D:3)
  9 kobolds
  7 bats
  4 frilled lizards
  2 goblins
  10 rats
59 creatures vanquished.

Vanquished Creatures (collateral kills)
  Sigmund (D:3)
1 creature vanquished.

Vanquished Creatures (others)
  6 toadstools (D:2)
6 creatures vanquished.

Grand Total: 66 creatures vanquished

Notes
Turn   | Place    | Note
-------+----------+-------------------------------------------
     0 | D:1      | Gynju the Deep Elf Wizard began the quest for the Orb.
     0 | D:1      | Reached XP level 1. HP: 10/10 MP: 7/7
   484 | D:1      | Reached skill level 5 in Spellcasting
   546 | D:1      | Reached XP level 2. HP: 9/15 MP: 6/10
  1108 | D:2      | Learned a level 2 spell: Blink
  1111 | D:2      | Learned a level 2 spell: Call Imp
  1451 | D:2      | Reached skill level 6 in Spellcasting
  1451 | D:2      | Reached XP level 3. HP: 19/19 MP: 6/12
  1704 | D:2      | Found a burning altar of Makhleb.
  2234 | D:2      | Reached XP level 4. HP: 24/24 MP: 8/14
  2340 | D:3      | Noticed Sigmund
  2562 | D:3      | Reached skill level 7 in Spellcasting
  2808 | D:3      | Reached XP level 5. HP: 17/28 MP: 0/17
  3021 | D:3      | Found a shadowy altar of Dithmenos.
  3073 | D:3      | Found a blossoming altar of Fedhas.
  3230 | D:3      | Killed Sigmund
  3230 | D:3      | Reached skill level 8 in Spellcasting
  3349 | D:3      | Found a sparkling altar of Nemelex Xobeh.
  3350 | D:3      | Found an opulent altar of Gozag.
  3490 | D:3      | Slain by an orc wizard

Levels and vault maps discovered:
D:1:      saegor_arrival_simple_a, layout_basic, minmay_close_crescents
D:2:      cheibrodos_fertilizer, layout_basic, marbit_many_paths,
          kennysheep_generic_room_14
D:3:      layout_rooms, grunt_temple_overflow_opulence,
          lemuel_coloured_pillars_altar, lemuel_round_altar,
          gup_sewer_entry_bowl, uniq_sigmund

Skill      XL: |  1  2  3  4  5 |
---------------+----------------+-----
Spellcasting   | 5 6 7 8 |  8.9
Dodging        | |  2.4
Stealth        | |  2.4
Conjurations   | |  1.1
Summonings     | |  1.1
Translocations | |  1.1

Action                   |  1- 3 |  4- 6 || total
-------------------------+-------+-------++-------
Melee: Unarmed           |     6 |    14 ||    20
 Cast: Magic Dart        |    87 |    94 ||   181
       Call Imp          |       |    11 ||    11
  Eat: Chunk             |     3 |     1 ||     4
       Ration            |       |     1 ||     1
Armor: Robe              |    11 |     9 ||    20
Dodge: Dodged            |    22 |    22 ||    44

Table legend:
 A = Non-vault XP
 B = Vault XP
 C = Vault XP percentage of total XP
 D = Non-vault monster count
 E = Vault monster count
 F = Vault count percentage of total count
                 A         B        C        D         E       F
            +---------+---------+-------+---------+---------+-------
      Total |     185 |     152 |  45.1 |      44 |      16 |  26.7
            +---------+---------+-------+---------+---------+-------
        D:1 |      15 |       3 |  16.7 |      11 |       3 |  21.4
        D:2 |      44 |      38 |  46.3 |       9 |      10 |  52.6
        D:3 |     126 |     111 |  46.8 |      24 |       3 |  11.1
            +---------+---------+-------+---------+---------+-------
